[Event "Titled Tuesday Blitz February 07 Early 2023"]
[White "Kornyukov, Alexey"]
[Black "Tarasova, Viktoriya"]
[WhiteFideId "4150457"]
[BlackFideId "4175840"]
[WhiteElo "2452"]
[BlackElo "2226"]
[Result "0-1"]
[Round "10"]
[TimeControl "180+2"]
[Date "2023.02.07"]
[WhiteClock "0:00:29"]
[BlackClock "0:01:48"]

1. e4 e5 2. Nf3 Nc6 3. Bc4 Bc5 4. O-O d6 5. c3 Nf6 6. d4 Bb6 7. Qb3 O-O 8. Ng5 Qe7 9. dxe5 dxe5 10. Bd5 Na5 11. Qc2 c6 12. b4 cxd5 13. bxa5 Bc5 14. exd5 h6 15. Ne4 Bf5 16. Nxf6+ Qxf6 17. Qb3 Bd3 18. Qb2 Bxf1 19. Kxf1 e4 20. g3 Rfd8 21. Bf4 g5 22. Bc7 Rxd5 23. Kg1 e3 24. Qxb7 Qxf2+ 25. Kh1 Rd1# 0-1


[Site "https://www.chess.com"]

[Event "Titled Tuesday Blitz February 07 Early 2023"]
[White "Bozorov, Makhsum"]
[Black "Alhadad, Mahmoud"]
[WhiteFideId "14201330"]
[BlackFideId "11501863"]
[WhiteElo "2145"]
[BlackElo "1840"]
[Result "1-0"]
[Round "10"]
[TimeControl "180+2"]
[Date "2023.02.07"]
[WhiteClock "0:00:27"]
[BlackClock "0:00:12"]

1. d4 d5 2. Nf3 Nc6 3. g3 Bg4 4. Bg2 e6 5. O-O Nf6 6. c4 Be7 7. Nc3 O-O 8. Ne5 Bh5 9. Nxc6 bxc6 10. Qa4 c5 11. cxd5 cxd4 12. Qxd4 exd5 13. Nxd5 Rb8 14. Nxe7+ Qxe7 15. Bg5 Qxe2 16. Bxf6 gxf6 17. Qxf6 Qxb2 18. Qf4 Qg7 19. Qxc7 Rfc8 20. Qxa7 Rb2 21. a4 Rcc2 22. Qa8+ Qf8 23. Qxf8+ Kxf8 24. a5 Be2 25. Rfc1 Ra2 26. h3 Rxc1+ 27. Rxc1 Rxa5 28. Be4 Kg7 29. Rc7 Ra1+ 30. Kh2 Ra6 31. Bd5 Rf6 32. f4 h6 33. Kg1 Bd1 34. Kf2 Ba4 35. Ke3 Bb5 36. g4 Bf1 37. h4 Bh3 38. g5 hxg5 39. hxg5 Rf5 40. Be6 Rc5 41. Rxc5 Bxe6 42. f5 Bb3 43. Kf4 Ba2 44. Rc7 Kg8 45. Ke5 Bb3 46. Kf6 Ba2 47. Rc8+ Kh7 48. Rf8 Bb3 49. Rxf7+ Bxf7 50. Kxf7 Kh8 51. f6 Kh7 52. g6+ Kh8 53. g7+ Kh7 54. g8=Q+ Kh6 55. Qg6# 1-0


[Site "https://www.chess.com"]

[Event "Titled Tuesday Blitz February 07 Early 2023"]
[White "Gatterer, Florian"]
[Black "Gharamian, Tigran"]
[WhiteFideId "811688"]
[BlackFideId "13301527"]
[WhiteElo "2170"]
[BlackElo "2601"]
[Result "0-1"]
[Round "10"]
[TimeControl "180+2"]
[Date "2023.02.07"]
[WhiteClock "0:00:03"]
[BlackClock "0:00:15"]

1. e4 c6 2. d4 d5 3. e5 c5 4. dxc5 Nc6 5. Nf3 Bg4 6. Bb5 Qa5+ 7. Nc3 e6 8. a3 Bxc5 9. O-O Qc7 10. Bf4 Ne7 11. Be2 a6 12. b4 Bxf3 13. bxc5 Bxe2 14. Qxe2 Ng6 15. Bg3 Nd4 16. Qd3 Qxc5 17. Na4 Qa7 18. Rab1 b5 19. c3 Nf5 20. Nb2 O-O 21. a4 Nxg3 22. Qxg3 Rac8 23. axb5 axb5 24. h4 Qc7 25. Rfe1 Qxc3 26. Nd3 Ne7 27. h5 Nf5 28. Qf3 Nd4 29. Qg3 Nf5 30. Qf3 Rc4 31. h6 Nxh6 32. Rxb5 Nf5 33. Rb7 Rd4 34. Rd1 Qc6 35. Rb3 Qc2 36. Rbb1 h6 37. Rbc1 Qb3 38. g4 Nh4 39. Qe3 Re4 40. Qg3 Ng6 41. f3 Re3 42. Ne1 Nxe5 43. Qf2 Nxf3+ 44. Nxf3 Rxf3 45. Qd2 Rg3+ 46. Kf1 Qf3+ 47. Qf2 Qxg4 0-1


[Site "https://www.chess.com"]

[Event "Titled Tuesday Blitz February 07 Early 2023"]
[White "Rosenberg, Evan S"]
[Black "Tobares, Leandro"]
[WhiteFideId "2019299"]
[BlackFideId "106402"]
[WhiteElo "1956"]
[BlackElo "2189"]
[Result "1-0"]
[Round "10"]
[TimeControl "180+2"]
[Date "2023.02.07"]
[WhiteClock "0:02:31"]
[BlackClock "0:01:22"]

1. d4 Nf6 2. Nf3 e6 3. g3 b5 4. Bg2 Bb7 5. O-O Be7 6. Bg5 O-O 7. Qd3 b4 8. Bxf6 Bxf6 9. Ng5 Bxg5 10. Bxb7 Nc6 11. Bxa8 Qxa8 12. e4 e5 13. d5 Nd4 14. c3 1-0


[Site "https://www.chess.com"]

[Event "Titled Tuesday Blitz February 07 Early 2023"]
[White "Sputnik-11"]
[Black "Dilmukhametov, Artur"]
[BlackFideId "24179922"]
[WhiteElo "2381"]
[BlackElo "2276"]
[Result "1-0"]
[Round "10"]
[TimeControl "180+2"]
[Date "2023.02.07"]
[WhiteClock "0:00:02"]
[BlackClock "0:00:09"]

1. Nf3 Nf6 2. c4 e6 3. g3 d5 4. d4 dxc4 5. Bg2 Nc6 6. Qa4 Be7 7. O-O O-O 8. Qxc4 Bd7 9. Rd1 Ne4 10. Qd3 Nd6 11. a3 Bf6 12. e4 e5 13. d5 Ne7 14. Nc3 Nec8 15. h3 c6 16. b4 cxd5 17. Nxd5 Bc6 18. Bb2 Bxd5 19. Qxd5 Re8 20. Bxe5 Bxe5 21. Nxe5 Qe7 22. f4 Rd8 23. Nc4 Nb6 24. Nxb6 axb6 25. e5 Nf5 26. Qxb7 Qe6 27. Qxa8 Rxa8 28. Bxa8 g5 29. Kh2 Qb3 30. Rg1 Qb2+ 31. Kh1 Qb3 32. Kh2 Qb2+ 33. Kh1 Qc3 34. Kh2 Qd2+ 35. Kh1 Qe3 36. Kh2 Qd2+ 37. Rg2 Qd4 38. Rf1 Ne3 39. Rgf2 1-0


[Site "https://www.chess.com"]

[Event "Titled Tuesday Blitz February 07 Early 2023"]
[White "Fabris, Alberto"]
[Black "Mushini Ajay"]
[WhiteFideId "801348"]
[BlackFideId "35066188"]
[WhiteElo "2230"]
[BlackElo "2310"]
[Result "1/2-1/2"]
[Round "10"]
[TimeControl "180+2"]
[Date "2023.02.07"]
[WhiteClock "0:00:18"]
[BlackClock "0:00:16"]

1. e4 e6 2. d4 d5 3. Nc3 Nf6 4. Bg5 dxe4 5. Nxe4 Be7 6. Bxf6 gxf6 7. Nf3 a6 8. g3 b6 9. Bg2 Bb7 10. Qe2 Nc6 11. c3 f5 12. Ned2 h5 13. h4 Nb8 14. Nc4 Nd7 15. Nce5 Nxe5 16. Qxe5 Bf6 17. Qe2 Qd6 18. O-O-O O-O-O 19. Kb1 f4 20. gxf4 Qxf4 21. Ne1 Rdg8 22. Bxb7+ Kxb7 23. Nd3 Qf5 24. Ka1 Rg4 25. f3 Rxh4 26. Rxh4 Bxh4 27. Ne5 Bg3 28. Nc4 h4 29. Ne3 Qf4 30. d5 exd5 31. Nxd5 Qe5 32. Qc4 Rd8 33. a4 h3 34. a5 h2 35. axb6 Rxd5 36. Rxd5 h1=Q+ 37. Ka2 Qee1 38. bxc7 Qa1+ 39. Kb3 Bxc7 40. Qb4+ Kc8 41. Qf8+ Kb7 42. Qb4+ Kc6 43. Qc4+ Kb7 44. Qb4+ 1/2-1/2


[Site "https://www.chess.com"]

[Event "Titled Tuesday Blitz February 07 Early 2023"]
[White "ritanovikova"]
[Black "Shubenkova, Veronika"]
[BlackFideId "44124040"]
[WhiteElo "2202"]
[BlackElo "1960"]
[Result "1-0"]
[Round "10"]
[TimeControl "180+2"]
[Date "2023.02.07"]
[WhiteClock "0:00:19"]
[BlackClock "0:00:51"]

1. e4 c6 2. d4 d5 3. exd5 cxd5 4. Bd3 e6 5. Nf3 Nc6 6. O-O Nf6 7. h3 Bd6 8. Bg5 O-O 9. b3 h6 10. Be3 Qc7 11. c4 Bf4 12. Nc3 Bxe3 13. fxe3 Qg3 14. Qe1 Qxe1 15. Raxe1 Ne7 16. e4 dxe4 17. Nxe4 Nxe4 18. Bxe4 Rd8 19. Rd1 Rb8 20. Ne5 f6 21. Nf3 b6 22. Rfe1 Kf7 23. Kf2 Bb7 24. Bxb7 Rxb7 25. Re2 Nf5 26. g4 Nd6 27. Rde1 Re7 28. d5 e5 29. Nd4 Rc7 30. Nc6 Re8 31. Kf3 b5 32. c5 Nb7 33. b4 a5 34. a3 axb4 35. axb4 Ra8 36. Re3 Ra2 37. R1e2 Ra4 38. Rb2 Rc8 39. Ree2 Ra3+ 40. Re3 Ra4 41. Ree2 Nd8 42. Nxd8+ Rxd8 43. Red2 Ra3+ 44. Kg2 Ke7 45. Ra2 Rxa2 46. Rxa2 Rxd5 47. Ra5 Rd2+ 48. Kf3 Rd3+ 49. Kg2 Ke6 50. Rxb5 Rb3 51. Rb7 g5 52. c6 Rc3 53. b5 Kd6 54. Rd7+ Ke6 55. Rh7 Rc2+ 56. Kf3 Rc3+ 57. Ke4 Rc4+ 58. Kd3 Rc1 59. c7 Kd5 60. b6 e4+ 61. Kd2 Rc6 62. b7 Kd4 63. Rd7+ Ke5 64. c8=Q 1-0


[Site "https://www.chess.com"]

[Event "Titled Tuesday Blitz February 07 Early 2023"]
[White "Theytookourjobs"]
[Black "Buchenau, Frank"]
[BlackFideId "4604350"]
[WhiteElo "2291"]
[BlackElo "2222"]
[Result "0-1"]
[Round "10"]
[TimeControl "180+2"]
[Date "2023.02.07"]
[WhiteClock "0:00:02"]
[BlackClock "0:01:51"]

1. d4 e6 2. Bf4 Nf6 3. e3 d5 4. Nf3 c5 5. Nc3 a6 6. Be2 Nc6 7. O-O Bd6 8. Ne5 Qc7 9. Nxc6 Bxf4 10. exf4 bxc6 11. g3 cxd4 12. Qxd4 c5 13. Qe5 Qxe5 14. fxe5 Nd7 15. f4 Rb8 16. Rab1 O-O 17. Rfd1 f6 18. exf6 Nxf6 19. Na4 Ne4 20. Bf3 Bd7 21. Bxe4 Bxa4 22. Bd3 c4 23. Bf1 Bxc2 24. Bh3 Kf7 25. Re1 Bxb1 26. Rxb1 c3 27. Re1 cxb2 28. Bxe6+ Kf6 0-1


[Site "https://www.chess.com"]

[Event "Titled Tuesday Blitz February 07 Early 2023"]
[White "Maung, Maung Kyaw Zaw Hein"]
[Black "Sovetbekova, Nurai"]
[WhiteFideId "13001698"]
[BlackFideId "13801910"]
[WhiteElo "2119"]
[BlackElo "1764"]
[Result "0-1"]
[Round "10"]
[TimeControl "180+2"]
[Date "2023.02.07"]
[WhiteClock "0:00:43"]
[BlackClock "0:00:12"]

1. Nf3 Nf6 2. c4 g6 3. Nc3 Bg7 4. e4 e5 5. d4 exd4 6. Nxd4 O-O 7. Be2 Re8 8. f3 c6 9. c5 d5 10. cxd6 Qxd6 11. Be3 Nbd7 12. Nb3 Qc7 13. O-O b6 14. Qc2 Bb7 15. Kh1 Rad8 16. f4 c5 17. e5 Nd5 18. Nxd5 Bxd5 19. Bf3 Nf8 20. Nd2 Bxf3 21. Rxf3 Ne6 22. Ne4 Nd4 23. Bxd4 Rxd4 24. Raf1 Qc6 25. Nd6 Rd8 26. h4 Bf8 27. Nc4 Qd5 28. Ne3 Qxa2 29. R3f2 Qe6 30. g3 c4 31. Kg2 b5 32. f5 Qxe5 33. fxg6 fxg6 34. Ng4 Rxg4 35. Rf3 Bd6 36. Qf2 Re8 37. Ra1 Qe2 38. Rxa7 Qxf2+ 39. Rxf2 Bc5 40. Rff7 Bxa7 0-1


[Site "https://www.chess.com"]

[Event "Titled Tuesday Blitz February 07 Early 2023"]
[White "Zanette, Edgard Vinicius"]
[Black "Kostiukov, Alexandr"]
[WhiteFideId "2109263"]
[BlackFideId "14108100"]
[WhiteElo "2085"]
[BlackElo "2271"]
[Result "1-0"]
[Round "10"]
[TimeControl "180+2"]
[Date "2023.02.07"]
[WhiteClock "0:00:08"]
[BlackClock "0:00:11"]

1. e4 c5 2. Nf3 g6 3. c3 Bg7 4. d4 cxd4 5. cxd4 d5 6. e5 Nc6 7. h3 Nh6 8. Nc3 O-O 9. Bg5 f6 10. exf6 exf6 11. Bd2 Nf5 12. Bd3 Re8+ 13. Ne2 Ncxd4 14. Nxd4 Nxd4 15. O-O Nc6 16. Nc3 d4 17. Bc4+ Be6 18. Bxe6+ Rxe6 19. Qb3 Qd7 20. Rfe1 Ne5 21. Nb5 Kh8 22. f4 Rb6 23. fxe5 Rxb5 24. e6 Qe8 25. Qa3 Re5 26. e7 b5 27. Bf4 Rxe1+ 28. Rxe1 f5 29. Qd6 h5 30. Be5 Bxe5 31. Qxe5+ Kh7 32. Qxd4 Rc8 33. Qxa7 Kh6 34. Rd1 Qc6 35. Qe3+ Kh7 36. Re1 Re8 37. Qe5 Qb6+ 38. Kh1 Qb7 39. a3 Qd7 40. b4 Kh6 41. Qf6 Qd2 42. Qf8+ Rxf8 43. exf8=Q+ Kg5 44. Qe7+ Kh6 45. Qe3+ Qxe3 46. Rxe3 f4 47. Re5 g5 48. Rxb5 g4 49. hxg4 hxg4 50. Kg1 1-0


[Site "https://www.chess.com"]

[Event "Titled Tuesday Blitz February 07 Early 2023"]
[White "Bruned, Boris"]
[Black "Lucassen, Mickey"]
[WhiteFideId "621790"]
[BlackFideId "12919110"]
[WhiteElo "2133"]
[BlackElo "2023"]
[Result "1-0"]
[Round "10"]
[TimeControl "180+2"]
[Date "2023.02.07"]
[WhiteClock "0:00:12"]
[BlackClock "0:00:09"]

1. b3 d5 2. Bb2 Bf5 3. e3 e6 4. Nf3 Nf6 5. Be2 Be7 6. O-O h6 7. d4 O-O 8. c4 c5 9. Nbd2 Nc6 10. a3 Ne4 11. Nxe4 dxe4 12. Ne5 Nxe5 13. dxe5 Qc7 14. Qc2 Rfd8 15. Rad1 g5 16. Rxd8+ Rxd8 17. Rd1 Rxd1+ 18. Qxd1 Bf8 19. Qd2 Bg7 20. Qc3 Qd7 21. h3 b6 22. Qc2 Qc7 23. Qc3 Kh7 24. Bh5 Bg6 25. Be2 h5 26. b4 Qc6 27. Qc2 Qc7 28. Qc3 Bf8 29. Qd2 Qe7 30. Bc3 Qc7 31. Qd1 cxb4 32. axb4 Kh6 33. Qd2 a5 34. bxa5 bxa5 35. Bxa5 Qxe5 36. Bc3 Qc7 37. Qd4 Qe7 38. Qh8+ Bh7 39. Bxh5 f5 40. Be2 Qf7 41. Qf6+ Qxf6 42. Bxf6 Bc5 43. Bd4 Bxd4 44. exd4 f4 45. Bg4 Bg8 46. Kf1 Kg6 47. Ke2 Kf6 48. Kd2 Ke7 49. Kc3 Kd6 50. Be2 e5 51. c5+ Kc6 52. Bc4 exd4+ 53. Kxd4 Bxc4 54. Kxc4 e3 55. fxe3 fxe3 56. Kd3 Kxc5 57. Kxe3 Kd5 58. Kf3 Ke5 59. Kg4 Kf6 60. Kh5 Kf5 61. g4+ Kf4 62. Kh6 Kg3 63. Kxg5 Kxh3 64. Kf5 1-0


[Site "https://www.chess.com"]

[Event "Titled Tuesday Blitz February 07 Early 2023"]
[White "Nikologorsky, Matfei"]
[Black "Antonio, Jorge Carlos"]
[WhiteFideId "24102474"]
[BlackFideId "113190"]
[WhiteElo "2182"]
[BlackElo "2277"]
[Result "1/2-1/2"]
[Round "10"]
[TimeControl "180+2"]
[Date "2023.02.07"]
[WhiteClock "0:00:07"]
[BlackClock "0:00:08"]

1. e4 c5 2. Nf3 e6 3. d4 cxd4 4. Nxd4 a6 5. Nc3 Nc6 6. Be2 Nf6 7. O-O Bb4 8. Nxc6 bxc6 9. Bd3 d5 10. Bg5 Be7 11. exd5 cxd5 12. Ne2 O-O 13. c4 h6 14. Bf4 Bb7 15. Ng3 dxc4 16. Bxc4 Qb6 17. Qb3 Qc6 18. f3 Nd5 19. Bxd5 Qc5+ 20. Be3 Qxd5 21. Qxd5 Bxd5 22. b3 Bf6 23. Rac1 Bb2 24. Rc2 Ba3 25. Bc1 Bd6 26. Bb2 Rac8 27. Rfc1 Rxc2 28. Rxc2 a5 29. Ne4 Bb4 30. Kf2 a4 31. bxa4 Ra8 32. a3 Bf8 33. Nc3 Bc5+ 34. Kg3 Bd6+ 35. Kh3 Bb3 36. Rd2 Bf4 37. Rd7 Be5 38. Nd1 Bxb2 39. Nxb2 Bxa4 40. Nxa4 Rxa4 41. Rd3 Kf8 42. Kg3 Ke7 43. Kf2 e5 44. Ke2 f5 45. Kd2 Ke6 46. Kc2 g5 47. Kb3 Ra8 48. Rc3 e4 49. fxe4 fxe4 50. Rc6+ Ke5 51. Rxh6 Kf4 52. Re6 Ra5 53. a4 e3 54. Kc2 Rc5+ 55. Kd3 Rd5+ 56. Ke2 Rd2+ 57. Kf1 Ra2 58. Ra6 Ke4 59. a5 Kd3 60. Rd6+ Ke4 61. a6 g4 62. Re6+ Kd3 63. Rd6+ Ke4 64. Re6+ Kd3 65. Rd6+ Ke4 1/2-1/2


[Site "https://www.chess.com"]

[Event "Titled Tuesday Blitz February 07 Early 2023"]
[White "Vaglio Munoz, Jaime"]
[Black "Mrudul Dehankar"]
[WhiteFideId "6500145"]
[BlackFideId "25096990"]
[WhiteElo "2174"]
[BlackElo "2030"]
[Result "0-1"]
[Round "10"]
[TimeControl "180+2"]
[Date "2023.02.07"]
[WhiteClock "0:00:46"]
[BlackClock "0:00:31"]

1. d4 Nf6 2. c3 d5 3. Qc2 g6 4. g3 c5 5. Bg2 Nc6 6. dxc5 e5 7. Nf3 Bxc5 8. O-O Qc7 9. Bg5 Ne4 10. Bh6 Bf5 11. Qb3 O-O-O 12. Nbd2 Kb8 13. Nxe4 Bxe4 14. Bg5 Rd6 15. Rad1 f6 16. Bc1 Na5 17. Qa4 Nc4 18. b4 Bb6 19. Nd2 Bxg2 20. Kxg2 g5 21. Nb3 h5 22. Nd2 h4 23. Nxc4 Qxc4 24. Qb3 Qe4+ 25. Kg1 h3 26. Qxd5 Rxd5 27. Rd3 Qg2# 0-1


[Site "https://www.chess.com"]

[Event "Titled Tuesday Blitz February 07 Early 2023"]
[White "Buscar, Michael"]
[Black "Fajdetic, Hrvoje"]
[WhiteFideId "2603616"]
[BlackFideId "14501945"]
[WhiteElo "2041"]
[BlackElo "2151"]
[Result "0-1"]
[Round "10"]
[TimeControl "180+2"]
[Date "2023.02.07"]
[WhiteClock "0:00:10"]
[BlackClock "0:00:12"]

1. d4 Nf6 2. c4 e5 3. dxe5 Ng4 4. Nf3 Bc5 5. e3 Nc6 6. Be2 Ngxe5 7. Nbd2 O-O 8. b3 a5 9. Bb2 Re8 10. O-O Ra6 11. Nd4 Nb8 12. N2f3 Rh6 13. Nf5 Nxf3+ 14. Bxf3 Rg6 15. Bh5 Rg5 16. Nxg7 Rxg7 17. Bxg7 Kxg7 18. Qg4+ Kh8 19. Bxf7 Rf8 20. Qh5 Qe7 21. Bg6 d6 22. Rad1 Be6 23. Bb1 Nd7 24. Kh1 Qg7 25. Qe2 Rf6 26. f4 Bg4 27. Rf3 Re6 28. e4 Nf6 29. Rdf1 Qe7 30. e5 Bxf3 31. Qxf3 dxe5 32. fxe5 Rxe5 33. Qxb7 Re1 34. Qa8+ Kg7 35. Qf3 Rxf1+ 36. Qxf1 Qe3 37. h3 Ne4 38. Kh2 Qg3+ 39. Kh1 Nf2+ 40. Kg1 Nxh3+ 41. Kh1 Nf2+ 42. Kg1 Ng4+ 43. Kh1 Qh2# 0-1


[Site "https://www.chess.com"]

[Event "Titled Tuesday Blitz February 07 Early 2023"]
[White "Miszler, Levente"]
[Black "Onslow, Alfie"]
[WhiteFideId "763276"]
[BlackFideId "436976"]
[WhiteElo "2271"]
[BlackElo "2157"]
[Result "1/2-1/2"]
[Round "10"]
[TimeControl "180+2"]
[Date "2023.02.07"]
[WhiteClock "0:01:18"]
[BlackClock "0:00:03"]

1. Nf3 Nf6 2. c4 g6 3. g3 Bg7 4. Bg2 O-O 5. O-O c6 6. Nc3 d5 7. cxd5 cxd5 8. d4 Nc6 9. Ne5 Bf5 10. Bf4 Rc8 11. Nxc6 Rxc6 12. Rc1 Ne4 13. Nxe4 Rxc1 14. Qxc1 Bxe4 15. Bxe4 dxe4 16. Rd1 Qd5 17. b3 h5 18. Qc7 Bf6 19. Be3 h4 20. Rc1 Bxd4 21. Bxd4 Qxd4 22. Qxb7 e3 23. Rf1 exf2+ 24. Rxf2 h3 25. Qxe7 Qd1+ 26. Rf1 Qd4+ 27. Rf2 Qa1+ 28. Rf1 Qxa2 29. Qe3 Qb2 30. g4 Rc8 31. Qxh3 Qxe2 32. Qf3 Qxf3 33. Rxf3 Rc2 34. Rd3 Rb2 35. Rd7 Rxb3 36. Rxa7 Rb2 37. Rc7 Kg7 38. Rc5 Kh6 39. Ra5 Kg7 40. Rc5 Kf6 41. Ra5 Re2 42. Rb5 Re5 43. Rb7 Kg5 44. h3 Kh4 45. Rb3 Re2 46. Rf3 Ra2 47. g5 Kxg5 48. Rxf7 Kh4 49. Rf3 g5 50. Rc3 g4 51. hxg4 Kxg4 52. Rc4+ Kf3 53. Rc3+ 1/2-1/2


[Site "https://www.chess.com"]

[Event "Titled Tuesday Blitz February 07 Early 2023"]
[White "Dzhaparov, Medet"]
[Black "Fathy, Elameir"]
[WhiteFideId "13803689"]
[BlackFideId "10600396"]
[WhiteElo "1578"]
[BlackElo "2300"]
[Result "1-0"]
[Round "10"]
[TimeControl "180+2"]
[Date "2023.02.07"]
[WhiteClock "0:01:02"]
[BlackClock "0:01:45"]

1. e4 c6 2. d4 d5 3. exd5 cxd5 4. Nf3 Nf6 5. Bb5+ Bd7 6. Bxd7+ Nbxd7 7. O-O e6 8. Nc3 Be7 9. a3 O-O 10. h3 Rc8 11. Re1 a6 12. Bf4 b5 13. Ne5 Nb6 14. Bg5 h6 15. Bh4 Qc7 16. Bxf6 Bxf6 17. Ng4 Be7 18. Re3 b4 19. axb4 Nc4 20. Rg3 Nxb2 21. Nxh6+ Kh7 22. Qg4 Bf6 23. Nf5 Qxc3 24. Qh5+ Kg8 25. Rxg7+ Bxg7 26. Ne7# 1-0


[Site "https://www.chess.com"]

[Event "Titled Tuesday Blitz February 07 Early 2023"]
[White "Jiganchine, Roman"]
[Black "Serpi, Andrea"]
[WhiteFideId "2603667"]
[BlackFideId "2847499"]
[WhiteElo "2205"]
[BlackElo "2191"]
[Result "0-1"]
[Round "10"]
[TimeControl "180+2"]
[Date "2023.02.07"]
[WhiteClock "0:00:07"]
[BlackClock "0:00:12"]

1. e4 e6 2. d4 d5 3. Nd2 Nf6 4. Bd3 c5 5. c3 Nc6 6. Ngf3 dxe4 7. Nxe4 cxd4 8. cxd4 Bb4+ 9. Nc3 O-O 10. O-O Ne7 11. Bc2 Ned5 12. Qd3 Qc7 13. Bd2 Bxc3 14. bxc3 Rd8 15. c4 Nf4 16. Bxf4 Qxf4 17. g3 Qh6 18. Ne5 b6 19. Qf3 Rb8 20. Rad1 Bb7 21. Qe2 Rbc8 22. Bb3 Nd7 23. Ng4 Qh3 24. f3 h5 25. Nf2 Qf5 26. Ne4 Nf6 27. Nxf6+ Qxf6 28. Qe5 Qxe5 29. dxe5 Rxd1 30. Rxd1 Bxf3 31. Rd7 Be2 32. Rxa7 Bxc4 33. Bc2 Bd5 34. Ra6 Rxc2 0-1


[Site "https://www.chess.com"]

[Event "Titled Tuesday Blitz February 07 Early 2023"]
[White "Schut, Han"]
[Black "Larina, Maria"]
[WhiteFideId "1005561"]
[BlackFideId "24113182"]
[WhiteElo "2101"]
[BlackElo "1948"]
[Result "1-0"]
[Round "10"]
[TimeControl "180+2"]
[Date "2023.02.07"]
[WhiteClock "0:00:06"]
[BlackClock "0:00:02"]

1. e4 c6 2. d4 d5 3. exd5 cxd5 4. c4 Nf6 5. Nc3 e6 6. Nf3 Be7 7. cxd5 Nxd5 8. Bd3 O-O 9. O-O Nc6 10. Qe2 Nf6 11. Bg5 Nxd4 12. Nxd4 Qxd4 13. Rad1 Qb6 14. Bb1 Rd8 15. Ne4 Kh8 16. Nxf6 Bxf6 17. Bxf6 gxf6 18. Qh5 f5 19. Qh4 Bd7 20. Qf6+ Kg8 21. Rd3 e5 22. Rg3+ Kf8 23. Qxe5 Be6 24. Bxf5 Ke7 25. Rg7 Rf8 26. Bxe6 Qxe6 27. Qc5+ Kd7 28. Rd1+ Ke8 29. Qb5+ Qc6 30. Qe2+ Qe6 31. Qb5+ Qc6 32. Re1+ Kd7 33. Qd3+ Kc7 34. Qg3+ Kb6 35. Rg4 a6 36. Rb4+ Ka7 37. Qe3+ b6 38. Rc1 Qb7 39. Rbc4 Rac8 40. Qb3 Rxc4 41. Rxc4 Rd8 42. f3 Qd7 43. Qc3 Qd1+ 44. Kf2 Rd2+ 45. Kg3 Qe1+ 46. Kh3 Qe6+ 47. g4 Rd7 48. Rc7+ Rxc7 49. Qxc7+ Ka8 50. Qg3 Qh6+ 51. Kg2 Qd2+ 52. Kh3 Qh6+ 53. Qh4 Qd2 54. Qe7 1-0


[Site "https://www.chess.com"]

[Event "Titled Tuesday Blitz February 07 Early 2023"]
[White "Kiseleva, Arina"]
[Black "Koridze, Lile"]
[WhiteFideId "4164989"]
[BlackFideId "13612514"]
[WhiteElo "1962"]
[BlackElo "2191"]
[Result "1/2-1/2"]
[Round "10"]
[TimeControl "180+2"]
[Date "2023.02.07"]
[WhiteClock "0:02:21"]
[BlackClock "0:02:54"]

1. d4 Nf6 2. Nf3 d5 3. e3 e6 4. Bd3 Bd6 5. O-O O-O 6. Ne5 c5 7. b3 Nc6 8. Bb2 Qc7 9. Nxc6 bxc6 10. dxc5 Bxc5 11. Bxf6 gxf6 12. Qg4+ Kh8 13. Qh4 f5 14. Qf6+ Kg8 15. Qg5+ Kh8 16. Qf6+ Kg8 17. Qg5+ Kh8 18. Qf6+ 1/2-1/2


[Site "https://www.chess.com"]

[Event "Titled Tuesday Blitz February 07 Early 2023"]
[White "Ciuffoletti, Paolo"]
[Black "Womacka, Mathias"]
[WhiteFideId "807630"]
[BlackFideId "4611390"]
[WhiteElo "2106"]
[BlackElo "2396"]
[Result "1/2-1/2"]
[Round "10"]
[TimeControl "180+2"]
[Date "2023.02.07"]
[WhiteClock "0:00:03"]
[BlackClock "0:00:41"]

1. e4 c5 2. d4 cxd4 3. c3 dxc3 4. Nxc3 Nc6 5. Nf3 d6 6. Bc4 a6 7. O-O Nf6 8. h3 e6 9. Qe2 Be7 10. Rd1 Bd7 11. Bf4 O-O 12. Bxd6 Bxd6 13. Rxd6 Qe7 14. Rad1 Rfd8 15. e5 Ne8 16. R6d2 Na5 17. Bd3 Bc6 18. Qe3 Bxf3 19. Qxf3 Nc6 20. Qh5 g6 21. Qe2 Qg5 22. Be4 Rxd2 23. Rxd2 Qxe5 24. Bxc6 Qxe2 25. Nxe2 bxc6 26. Rc2 Rc8 27. b4 e5 28. f4 exf4 29. Nxf4 Nf6 30. Nd3 Nd5 31. a3 f6 32. Rc5 Kf7 33. a4 Rb8 34. Rxc6 Nxb4 35. Nxb4 Rxb4 36. Rxa6 h5 37. Ra7+ Ke6 38. a5 h4 39. a6 Ra4 40. Ra8 Kf5 41. a7 Ra2 42. Kf1 g5 43. Kg1 Kf4 44. Rf8 Rxa7 45. Rxf6+ Ke5 46. Rg6 Kf5 47. Rb6 Ra2 48. Rb5+ Kf4 49. Rb4+ Kf5 50. Rb5+ Kf4 51. Rb4+ Kf5 52. Rb5+ 1/2-1/2


[Site "https://www.chess.com"]

[Event "Titled Tuesday Blitz February 07 Early 2023"]
[White "Matveeva, Olga"]
[Black "Zampronha, Wladimir Camilo"]
[WhiteFideId "24107018"]
[BlackFideId "2103087"]
[WhiteElo "2128"]
[BlackElo "2176"]
[Result "1/2-1/2"]
[Round "10"]
[TimeControl "180+2"]
[Date "2023.02.07"]
[WhiteClock "0:00:13"]
[BlackClock "0:00:08"]

1. d4 Nf6 2. c4 e6 3. g3 d5 4. Nf3 Be7 5. Bg2 O-O 6. O-O dxc4 7. Qc2 a6 8. a4 Bd7 9. Qxc4 Bc6 10. Bf4 a5 11. Nc3 Na6 12. Rfd1 Ne4 13. Ne5 Bd5 14. Qd3 Nb4 15. Qb1 Nxc3 16. bxc3 Bxg2 17. Kxg2 Nd5 18. Qxb7 Nxf4+ 19. gxf4 Bd6 20. Rab1 Qh4 21. e3 c5 22. Qf3 cxd4 23. cxd4 Bxe5 24. fxe5 Rac8 25. Rb5 Rc2 26. Rxa5 Qg5+ 27. Kh1 Qh4 28. Kg2 Qg5+ 29. Qg3 Qf5 30. Rb5 Ra2 31. a5 Ra8 32. Rdb1 h6 33. Qf3 Qxf3+ 34. Kxf3 R2xa5 35. Rb8+ Rxb8 36. Rxb8+ Kh7 37. Rb7 Kg6 38. Kf4 Ra2 39. Kf3 Ra3 40. h3 Ra1 41. Rb6 Ra3 42. Kg2 Kh7 43. Rd6 Ra5 44. Kf3 Ra3 45. d5 Ra5 46. dxe6 Rxe5 47. exf7 Rf5+ 48. Kg3 Rxf7 49. f4 Ra7 50. f5 Ra1 51. e4 Rf1 52. Rd7 Kg8 53. Kg4 Rf2 54. e5 Rg2+ 55. Kf4 Rh2 56. e6 Kf8 57. Rf7+ Kg8 58. Ra7 Kf8 59. Kg4 Rg2+ 60. Kf4 Rh2 61. Kg3 Rh1 62. Rf7+ Kg8 63. Rd7 Kf8 64. Rc7 Rf1 65. Kg4 Rg1+ 66. Kf4 Rh1 67. Rc8+ Ke7 68. Rc7+ Kf8 69. Kg4 Rg1+ 70. Kf3 Rh1 71. Kg3 Rg1+ 72. Kf4 Rf1+ 73. Ke5 Rh1 74. f6 Re1+ 75. Kd6 Rd1+ 76. Ke5 Re1+ 77. Kd6 Rd1+ 78. Ke5 Re1+ 1/2-1/2


[Site "https://www.chess.com"]

[Event "Titled Tuesday Blitz February 07 Early 2023"]
[White "Good, Daniel"]
[Black "Marchesich, Giovanni"]
[WhiteFideId "1302388"]
[BlackFideId "2824790"]
[WhiteElo "2141"]
[BlackElo "2217"]
[Result "1-0"]
[Round "10"]
[TimeControl "180+2"]
[Date "2023.02.07"]
[WhiteClock "0:02:17"]
[BlackClock "0:01:59"]

1. e4 e5 2. Nf3 Nf6 3. Nxe5 Nc6 4. Nxc6 dxc6 5. d3 Bc5 6. Be2 h5 7. c3 O-O 8. d4 Bb6 9. e5 Ng4 10. h3 Qh4 11. g3 Nxf2 12. Kxf2 Qe7 13. Be3 f6 14. e6 Bxe6 15. Nd2 Bd5 16. Bf3 Rae8 17. Re1 Qd7 18. Kg2 f5 19. Bf4 Bxf3+ 20. Nxf3 c5 21. d5 c4 22. Ne5 Qb5 23. Qd2 g6 24. Nxg6 Rxe1 25. Rxe1 Rd8 26. Ne7+ Kf7 27. Qe2 Re8 1-0


[Site "https://www.chess.com"]

[Event "Titled Tuesday Blitz February 07 Early 2023"]
[White "Ruiz Aguilar, Pablo Alexander"]
[Black "Hertlein, Irena"]
[WhiteFideId "4401352"]
[BlackFideId "21817618"]
[WhiteElo "2161"]
[BlackElo "1994"]
[Result "1-0"]
[Round "10"]
[TimeControl "180+2"]
[Date "2023.02.07"]
[WhiteClock "0:00:10"]
[BlackClock "0:00:08"]

1. e4 c5 2. Nf3 e6 3. d4 cxd4 4. Nxd4 a6 5. Nc3 b5 6. Bd3 Qb6 7. Nb3 Qc7 8. O-O Bb7 9. Re1 Be7 10. f4 b4 11. Ne2 a5 12. Ng3 a4 13. Nd2 Qxf4 14. Nc4 Qc7 15. Kh1 h5 16. Be3 h4 17. Nf1 h3 18. g3 f5 19. Bf4 d6 20. b3 Nf6 21. Kg1 fxe4 22. Be2 e5 23. Be3 d5 24. Nb6 d4 25. Nxa8 Bxa8 26. Bg5 Qc6 27. Bxf6 Bxf6 28. bxa4 e3 29. Bb5 1-0


[Site "https://www.chess.com"]